 Dungeon Crawl Stone Soup version 0.22-a0-596-gfbd32a6 (webtiles) character file.

107 sking99 the Ruffian (level 4, -1/37 HPs)
             Began as a Draconian Transmuter on July 5, 2018.
             Slain by Grinder (2 damage)
             ... while paralysed by Grinder
             ... on level 3 of the Dungeon.
             The game lasted 00:03:32 (2625 turns).

sking99 the Ruffian (Draconian Transmuter)          Turns: 2625, Time: 00:03:32

Health: -1/37      AC:  5    Str: 12    XL:     4   Next: 57%
Magic:  1/7        EV:  2    Int: 15    God:
Gold:   50         SH:  0    Dex: 11    Spells: 4/7 levels left

rFire    . . .     SeeInvis .     - Unarmed
rCold    . . .     Gourm    .   (no shield)
rNeg     . . .     Faith    .   (armour unavailable)
rPois    .         Spirit   .   (helmet restricted)
rElec    .         Reflect  .   (no cloak)
rCorr    .         Harm     .   (no gloves)
MR       .....                  (no boots)
Stlth    +.........             (no amulet)
HPRegen  0.12/turn              (no ring)
MPRegen  0.10/turn              (no ring)

@: paralysed, very slightly contaminated
A: unfitting armour, cold-blooded, AC +5
a: no special abilities


You were on level 3 of the Dungeon.
You were not hungry.

You visited 1 branch of the dungeon, and saw 3 of its levels.

You collected 50 gold pieces.

Inventory:

Missiles
 a - 13 arrows
Jewellery
 j - an uncursed ring of wizardry {unknown}
Scrolls
 d - 3 scrolls of remove curse {unknown}
 e - 3 scrolls of identify {unknown}
 g - 2 scrolls of fear {unknown}
 i - a scroll of noise {unknown}
Potions
 b - 3 potions of lignification {unknown}
 f - 3 potions of curing {unknown}
 k - a potion of magic {unknown}
Comestibles
 c - 6 rations
 h - 3 chunks of flesh


   Skills:
 + Level 2.8 Fighting
 - Level 1.7 Dodging
 * Level 4.8 Unarmed Combat
 - Level 2.0 Spellcasting
 - Level 2.0 Transmutations


You had 4 spell levels left.
You knew the following spells:

 Your Spells              Type           Power        Failure   Level  Hunger
a - Beastly Appendage     Tmut           #.....       10%         1    #......
b - Sticks to Snakes      Tmut           #.......     14%         2    ###....

Your spell library contained the following spells:

 Spells                   Type           Power        Failure   Level  Hunger
 Spider Form              Tmut/Pois      #.........   41%         3    ###....
 Blade Hands              Tmut           #.........   95%         5    ######.
 Ice Form                 Ice/Tmut       #.......     82%         4    #####..


Dungeon Overview and Level Annotations

Branches:
Dungeon (3/15)

Altars:

Annotations:
D:3 Grinder


Innate Abilities, Weirdness & Mutations

Your plain brown scales are hard. (AC +5)
You cannot fit into any form of body armour.
You are cold-blooded and may be slowed by cold attacks.


Message History

Grinder hits you but does no damage.
You hit Grinder but do no damage.
Grinder is moderately wounded.
Your ball python bites Grinder but does no damage.
Your ball python constricts Grinder.
Grinder gestures at you.
You suddenly lose the ability to move!
Some of the chunks of flesh in your inventory have rotted away.
Your ball python bites Grinder.
Your ball python constricts Grinder.
Grinder says, "I used to sell toenails on the black market."
Grinder gestures at you. Pain shoots through your body!
* * * LOW HITPOINT WARNING * * *
Your ball python bites Grinder but does no damage.
Your ball python constricts Grinder.
Your ball python bites Grinder but does no damage.
Your ball python constricts Grinder.
Grinder hits you.
* * * LOW HITPOINT WARNING * * *
You writhe in agony.
You die...

.# .#
#########.##
..........#
###........##
##...........
.......5..#
.......@S.#
........###
......[†#
....###.# ...
#†# .. #.# .
#.# ####.#
#....#


You could see Grinder and a friendly ball python.

Vanquished Creatures
  3 adders (D:2)
  3 worms (D:2)
  A dart slug (D:2)
  4 leopard geckos
  2 orcs
  2 giant cockroaches
  6 goblins
  4 hobgoblins
  2 jackals (D:1)
  7 kobolds
  5 bats
  3 frilled lizards
  6 rats
48 creatures vanquished.

Vanquished Creatures (collateral kills)
  2 adders (D:2)
  A quokka (D:2)
  A frilled lizard (D:2)
4 creatures vanquished.

Grand Total: 52 creatures vanquished

Notes
Turn   | Place    | Note
-------+----------+-------------------------------------------
     0 | D:1      | sking99 the Draconian Transmuter began the quest for the Orb.
     0 | D:1      | Reached XP level 1. HP: 16/16 MP: 3/3
   398 | D:1      | Reached XP level 2. HP: 23/23 MP: 3/5
   564 | D:1      | Learned a level 2 spell: Sticks to Snakes
  1401 | D:2      | Reached XP level 3. HP: 29/29 MP: 1/6
  1485 | D:2      | Reached skill level 4 in Unarmed Combat
  1787 | D:2      | Reached XP level 4. HP: 9/37 MP: 7/7
  2601 | D:3      | Noticed Grinder
  2623 | D:3      | Paralysed by Grinder for 7 turns
  2625 | D:3      | HP: 1/37 [Grinder (2)]
  2625 | D:3      | Slain by Grinder

Vault maps used:
D:1:      moated_graveyard_arrival, serial_forest,
          infiniplex_forest_clump_small, infiniplex_forest_lined_room_2,
          infiniplex_forest_clump_double, infiniplex_forest_straight_3,
          infiniplex_forest_clump_diagonal, infiniplex_forest_clump_curved,
          infiniplex_forest_clump_C, infiniplex_forest_clump_medium,
          minmay_stone_trees_small, minmay_misc_feat_ornament
D:2:      minmay_liquid_box
D:3:      uniq_sigmund, uniq_natasha, uniq_grinder

Skill      XL: |  1  2  3 |
---------------+----------+-----
Fighting       | 2 |  2.8
Unarmed Combat | 4 |  4.8
Dodging        | |  1.7
Spellcasting   | |  2.0
Transmutations | |  2.0

Action                   |  1- 3 |  4- 6 || total
-------------------------+-------+-------++-------
Melee: Unarmed           |   112 |    62 ||   174
       Tailslap          |     7 |     7 ||    14
       Kick              |     1 |       ||     1
       Punch             |     2 |     1 ||     3
 Cast: Beastly Appendage |     4 |       ||     4
       Sticks to Snakes  |     6 |     5 ||    11
 Stab: Sleeping          |     1 |     1 ||     2
  Eat: Chunk             |     3 |     3 ||     6
Armor: Skin              |    35 |    16 ||    51
Dodge: Dodged            |    50 |    50 ||   100

Table legend:
 A = Spawn XP
 B = Non-spawn XP
 C = Spawn XP percentage of total XP
 D = Spawn monster count
 E = Non-spawn monster count
 F = Spawn count percentage of total count
 G = Total turns spent on level
                    A         B        C        D         E        F      G
               +---------+---------+-------+---------+---------+-------+---------
         Total |       0 |     154 |   0.0 |       0 |      52 |   0.0 |  2625
               +---------+---------+-------+---------+---------+-------+---------
           D:1 |       0 |      25 |   0.0 |       0 |      15 |   0.0 |  1296
           D:2 |       0 |     112 |   0.0 |       0 |      29 |   0.0 |  1215
           D:3 |       0 |      17 |   0.0 |       0 |       8 |   0.0 |   114
               +---------+---------+-------+---------+---------+-------+---------
